 Dungeon Crawl Stone Soup version 0.32-a0-128-g77eb882913 (webtiles) character file.

Game seed: 17481760854680434185

142 zeratav the Sneak (level 5, -2/36 HPs)
             Began as an Octopode Shapeshifter on Feb 8, 2024.
             Slain by a gnoll
             ... wielding a +0 halberd
              (14 damage)
             ... on level 3 of the Dungeon.
             The game lasted 00:02:30 (1854 turns).

zeratav the Sneak (Octopode Shapeshifter)           Turns: 1854, Time: 00:02:30

Health: -2/36      AC:  1    Str: 16    XL:     5   Next: 25%
Magic:  5/5        EV: 13    Int: 12    God:
Gold:   120        SH:  0    Dex: 11    Spells: 4/4 levels left

rFire   . .          .
                       - Unarmed
rCold   . . .        (no shield)
rNeg    . . .        (helmet currently unavailable)
rPois   .            (no amulet)
rElec   .            l - ring of see invisible
rCorr   .            (no ring)
SInv    +            (no ring)
Will    .....        (no ring)
Stlth   ++++         (no ring)
HPRegen 0.26/turn    (no ring)
MPRegen 0.09/turn    (no ring)
                     (no ring)

%: no passive effects
@: beast-form
A: beast (slay +1), almost no armour, amphibious, 8 rings, camouflage 1,
gelatinous body 1, (nimble swimmer 1), tentacles
a: Begin Untransformation


You were on level 3 of the Dungeon.
You were a hulking beast.
You visited 1 branch of the dungeon, and saw 3 of its levels.

You collected 120 gold pieces.


Innate Abilities, Weirdness & Mutations

You are a hulking beast.
Your limbs bulge with bestial killing power. (Slay +1)
You cannot wear most types of armour.
You are amphibious.
You can wear up to eight rings at the same time.
Your skin changes colour to match your surroundings (Stealth+).
Your rubbery body absorbs attacks. (AC +1, EV +1)
((You are camouflaged when in or above water. (Stealth+)))
You have tentacles for arms and can constrict up to eight enemies at once.


   Skills:
 + Level 3.3 Fighting
 - Level 2.0 Dodging
 - Level 5.0 Stealth
 - Level 3.0 Unarmed Combat
 - Level 3.0 Shapeshifting


You had 4 spell levels left.
You didn't know any spells.
Your spell library contained the following spells:

 Spells                   Type           Power      Damage    Failure   Level
 Magic Dart               Conj           0%         1d3       32%         1
 Blink                    Tloc           0%         N/A       45%         2
 Call Imp                 Summ           0%         N/A       45%         2
 Stone Arrow              Conj/Erth      0%         3d7       69%         3
 Lehudib's Crystal Spear  Conj/Erth      0%         10d2      100%        8
 Animate Armour           Summ/Erth      Unusable   N/A       N/A         4

Inventory:

Jewellery
 l - a ring of see invisible (left tentacle)
   (You found it on level 3 of the Dungeon)
Talismans
 b - a beast talisman
 c - a flux talisman
Scrolls
 d - 2 scrolls of identify {unknown}
 e - a scroll of amnesia {unknown}
 f - a scroll of blinking {unknown}
 h - a scroll of fear {unknown}
 j - a scroll of teleportation {unknown}
 m - a scroll of summoning {unknown}
Potions
 a - a potion of lignification {!q}
 g - a potion of berserk rage {unknown}
 i - 3 potions of curing {unknown}
 k - a potion of brilliance {unknown}

Dungeon Overview and Level Annotations

Branches:
Dungeon (3/15) Zot: 16153

Altars:
Qazlal
Lugonu

Portals:
Abyss: D:1

Annotations:
D:1 2 runed translucent doors
D:3 exclusion: 2 orc wizards, Ijyb

#..#.....#
#........#
#.##.###.#
#.##.....#
#.##..####
#.##..#
##...##
#)##..#
#......
#g##..#
#..oo..
#h##..#
#...!..
#.##..#
#..(w..
#.##..#
#...o..
#.##.<#
#......
#.##..#######
#.
#.##.........
#.
##'##.........
#.
#......#######
#. #......# #.


You could see a gnoll.


Message History

You open the door.
There is an open door here.
There is an open door here.
Found an escape hatch in the ceiling.
HP[+3]
Your hp is fully restored (36).
You open the door.
There is an open door here.
You open the door.
There is an open door here.
There is an escape hatch in the ceiling here.
You now have 120 gold pieces (gained 8).
A gnoll comes into view. It is wielding a +0 spear.
Found a stone staircase leading up.
The gnoll shouts!
A gnoll comes into view. It is wielding a +0 flail.
A gnoll comes into view. It is wielding a +0 spear.
There is an escape hatch in the ceiling here.
The gnoll closely misses you. The gnoll closely misses you.
You tentacle-slap the gnoll but do no damage.
You grab the gnoll.
You constrict the gnoll, but do no damage.
You tentacle-slap the gnoll.
You constrict the gnoll, but do no damage.
The gnoll hits you with a +0 spear.
HP[-4]
You take 4 damage, and now have 32/36 hp.
You barely miss the gnoll. You squeeze the gnoll. You constrict the gnoll.
The gnoll closely misses you.
HP[+1]
You tentacle-slap the gnoll. You squeeze the gnoll.
You kill the gnoll!
You see here a +0 spear {polearm}.
HP[+1] HP[+1]
m - a scroll labelled DUCZOE JAQAQUI You see here a +0 spear {polearm}.
There is an open door here.
A goblin comes into view. It is wielding a +0 dagger.
HP[+1]
Your hp is fully restored (36).
A goblin is nearby!
The helpless goblin fails to defend itself.
You tentacle-slap the goblin.
You kill the goblin!
No target in view!
No target in view!
No target in view!
No target in view!
No target in view!
No target in view!
No target in view!
No target in view!
No target in view!
No target in view!
No target in view!
No target in view!
No target in view!
No target in view!
No target in view!
You see here a +0 dagger {short}. 2 gnolls come into view.
The gnoll shouts! x2
An ice beast comes into view.
You see here a +0 dagger {short}.
The gnoll attacks as it pursues you!
The gnoll hits you from afar with a +0 spear.
HP[-4]
You take 4 damage, and now have 32/36 hp.
The gnoll attacks as it pursues you! The gnoll misses you.
HP[+1]
The gnoll hits you with a +0 spear.
HP[-5]
You take 5 damage, and now have 28/36 hp.
You tentacle-slap the gnoll. Your grab misses the gnoll. You squeeze the gnoll.
The gnoll hits you with a +0 spear!
HP[-7]
You take 7 damage, and now have 21/36 hp.
You tentacle-slap the gnoll. You grab the gnoll.
You constrict the gnoll, but do no damage.
The gnoll barely misses you. The gnoll misses you.
You tentacle-slap the gnoll.
You kill the gnoll!
The gnoll misses you.
HP[+1]
The gnoll closely misses you.
Things that are here:
a +0 spear {polearm}; a gnoll corpse You tentacle-slap the gnoll.
Your grab misses the gnoll. The gnoll hits you with a +0 halberd!
* * * LOW HITPOINT WARNING * * *
HP[-11]
You take 11 damage, and now have 11/36 hp.
MASSIVE DAMAGE!! (PAUSE)
You barely miss the gnoll. Your grab misses the gnoll.
The gnoll closely misses you.
You barely miss the gnoll. Your grab misses the gnoll. You squeeze the gnoll.
The gnoll hits you with a +0 halberd!
You die...

Skill      XL: |  1  2  3  4  5 |
---------------+----------------+-----
Stealth        | 2 3 5 |  5.0
Fighting       | 2 3 |  3.3
Dodging        | |  2.0
Unarmed Combat | |  3.0
Shapeshifting  | |  3.0

Action                     |  1- 3 |  4- 6 || total
---------------------------+-------+-------++-------
  Melee: Unarmed           |    60 |    60 ||   120
         Tentacles         |     8 |    17 ||    25
         Constrict         |     8 |    16 ||    24
         Punch             |     1 |     3 ||     4
   Stab: Sleeping          |     6 |     8 ||    14
 Armour: Skin              |    25 |    16 ||    41
  Dodge: Dodged            |    38 |    34 ||    72

Levels and vault maps discovered:
D:1:      erik_arrival_cave_to_civilisation [erik_arrival_cave_to_temple],
          layout_basic, chequers_ecumenical_altar_twisty, st_stairs_2,
          minivault_19
D:2:      layout_basic, basic_altar, minmay_liquid_box, grunt_decor_cap,
          minmay_misc_feat_square, uniq_terence
D:3:      layout_basic, uniq_ijyb

Notes
Turn   | Place    | Note
-------+----------+-------------------------------------------
     0 | D:1      | zeratav the Octopode Shapeshifter began the quest for the
                  | Orb.
     0 | D:1      | Reached XP level 1. HP: 13/13 MP: 1/1
     0 | D:1      | magus.rc [v1.9.6]
    29 | D:1      | Reached skill level 1 in Stealth
    34 | D:1      | Reached skill level 2 in Stealth
    37 | D:1      | Reached XP level 2. HP: 17/18 MP: 2/2
    71 | D:1      | Found a large runed translucent door.
    71 | D:1      | Found a large runed translucent door.
    73 | D:1      | Found a corrupted altar of Lugonu.
    73 | D:1      | Found a one-way gate to the infinite horrors of the Abyss.
    73 | D:1      | Noticed a crimson imp
   128 | D:1      | Reached skill level 3 in Stealth
   399 | D:1      | You pick up a book of Armaments and begin reading...
   399 | D:1      | You add the spells Stone Arrow and Lehudib's Crystal Spear
                  | to your library.
   457 | D:1      | Reached XP level 3. HP: 23/23 MP: 3/3
   465 | D:1      | Reached skill level 4 in Stealth
   607 | D:1      | Found a faded altar of an unknown god.
   698 | D:2      | Noticed Terence
   699 | D:2      | Found a stormy altar of Qazlal.
   709 | D:2      | Killed Terence
   710 | D:2      | Reached skill level 5 in Stealth
   710 | D:2      | Reached XP level 4. HP: 20/28 MP: 4/4
   788 | D:2      | Reached skill level 2 in Fighting
  1328 | D:2      | Reached XP level 5. HP: 36/36 MP: 5/5
  1474 | D:3      | Reached skill level 3 in Fighting
  1525 | D:3      | You pick up a book of Minor Magic and begin reading...
  1525 | D:3      | You add the spells Magic Dart, Blink and Call Imp to your
                  | library.
  1601 | D:3      | Noticed Ijyb
  1832 | D:3      | Noticed an ice beast
  1854 | D:3      | Slain by a gnoll

Vanquished Creatures
  Terence (D:2)
  2 gnolls (D:3)
  3 adders (D:2)
  A dart slug (D:2)
  2 ribbon worms (D:2)
  7 ball pythons
  6 bats (D:1)
  8 endoplasms
  6 goblins
  3 hobgoblins
  3 jackals (D:2)
  2 quokkas (D:1)
  3 frilled lizards
  10 kobolds
  2 rats
59 creatures vanquished.

Table legend:
 A = Non-vault XP
 B = Vault XP
 C = Vault XP percentage of total XP
 D = Non-vault monster count
 E = Vault monster count
 F = Vault count percentage of total count
                 A         B        C        D         E       F
            +---------+---------+-------+---------+---------+-------
      Total |     162 |      42 |  20.6 |      54 |       5 |   8.5
            +---------+---------+-------+---------+---------+-------
        D:1 |      47 |       6 |  11.3 |      26 |       4 |  13.3
        D:2 |      80 |      36 |  31.0 |      22 |       1 |   4.3
        D:3 |      35 |       0 |   0.0 |       6 |       0 |   0.0
            +---------+---------+-------+---------+---------+-------

Skill      XL: |  1  2  3  4  5 |
---------------+----------------+-----
Stealth        | 2 3 5 |  5.0
Fighting       | 2 3 |  3.3
Dodging        | |  2.0
Unarmed Combat | |  3.0
Shapeshifting  | |  3.0

Action                     |  1- 3 |  4- 6 || total
---------------------------+-------+-------++-------
  Melee: Unarmed           |    60 |    60 ||   120
         Tentacles         |     8 |    17 ||    25
         Constrict         |     8 |    16 ||    24
         Punch             |     1 |     3 ||     4
   Stab: Sleeping          |     6 |     8 ||    14
 Armour: Skin              |    25 |    16 ||    41
  Dodge: Dodged            |    38 |    34 ||    72

Illustrated notes

Table legend:
 A = Kills in this place as a percentage of kills in the entire game.
 B = Kills by you in this place as a percentage of kills by you in the entire game.
 C = Kills by friends in this place as a percentage of kills by friends in the entire game.
 D = Other kills in this place as a percentage of other kills in the entire game.
 E = Experience gained in this place as a percentage of experience gained in the entire game.
 F = Experience gained in this place divided by the number of levels of this place that you have seen.
                   A       B       C       D       E      F
               +-------+-------+-------+-------+-------+----------------------
         Total | 100.0 | 100.0 |   N/A |   N/A | 100.0 |  68.0
       Dungeon | 100.0 | 100.0 |   N/A |   N/A | 100.0 |  68.0
               +-------+-------+-------+-------+-------+----------------------

Table legend: (Time is in decaauts)
 A = Elapsed time spent in this place.
 B = Non-inter-level travel time spent in this place.
 C = Inter-level travel time spent in this place.
 D = Time resting spent in this place.
 E = Time spent auto-exploring this place.
 F = Levels seen in this place.
 G = Mean time per level.
                   A        B        C        D        E       F      G
               +--------+--------+--------+--------+--------+-----+--------+
         Total |   1845 |   1816 |     29 |      0 |   1460 |   3 |  615.0 |
       Dungeon |   1845 |   1816 |     29 |      0 |   1460 |   3 |  615.0 |
               +--------+--------+--------+--------+--------+-----+--------+

Top non-repeatable levels by time:
     D:2: 740 daAuts
     D:1: 688 daAuts
     D:3: 416 daAuts
